cohdb
Replays
Latest Replays
All Replays
Popular Replays
Top Player Replays
Match Explorer
How It Works
Community
CoH3 Stats
Reddit
Sign in to upload your games and track your stats! →
Sign in with Steam
Match 20051801
Unlisted
Match 20051801
Overview
Messages
Build Orders
End
Selects Armored Battlegroup
Selects Assault Engineers
Assault Engineer Squad
Assault Engineer Squad
Assault Engineer Squad
Construct Weapon Support Center
Bazooka Squad
Infantry Support Center
Construct Medical Station
M1919 Machine Gun Team
M1919 Machine Gun Team
Bazooka Squad
Construct Tank Depot
Selects M31 Recovery Vehicle
Selects War Machine
Selects Fast Deploy
Bazooka Squad
M4(105) Sherman Bulldozer
Selects M8 Scott SPG
Selects UNKNOWN (2160077)
娃哈哈☭☭
MonoChrome
0
0
Comments
sign in to comment!
No comments posted yet!